 Dungeon Crawl Stone Soup version 0.31-a0-845-g9abc20d24f (webtiles) character file.

Game seed: 8674977597452529344

101 Nedwor the Slasher (level 4, -1/35 HPs)
             Began as a Merfolk Gladiator on Oct 2, 2023.
             Slain by Terence
             ... wielding a +0 flail
              (2 damage)
             ... on level 3 of the Dungeon.
             The game lasted 00:03:59 (1608 turns).

Nedwor the Slasher (Merfolk Gladiator)              Turns: 1608, Time: 00:03:59

Health: -1/35      AC:  7    Str: 14    XL:     4   Next: 75%
Magic:  4/4        EV: 13    Int:  7    God:
Gold:   86         SH:  0    Dex: 17    Spells: 3/3 levels left

rFire   . . .        h - staff of earth
rCold   . . .        (no shield)
rNeg    . . .        i - +0 ring mail
rPois   .            c - +0 helmet
rElec   .            (no cloak)
rCorr   .            p - +0 pair of gloves
SInv    .            (no boots)
Will    .....        (no amulet)
Stlth   +            (no ring)
HPRegen 0.25/turn    (no ring)
MPRegen 0.09/turn

%: no passive effects
@: no status effects
A: (nimble swimmer 2), mertail
a: no special abilities


You were on level 3 of the Dungeon.
You visited 1 branch of the dungeon, and saw 3 of its levels.

You collected 86 gold pieces.

Inventory:

Missiles
 d - 3 throwing nets (quivered)
 e - a javelin
Armour
 c - a +0 helmet (worn)
 i - a +0 ring mail (worn)
 p - a +0 pair of gloves (worn)
Magical Staves
 h - a staff of earth (weapon)
Scrolls
 f - a scroll of poison {unknown}
 g - a scroll of blinking {unknown}
 l - a scroll of enchant weapon {unknown}
 m - a scroll of identify {unknown}
Potions
 b - a potion of mutation {unknown}
 j - a potion of brilliance {unknown}
 k - 2 potions of lignification {unknown}
 n - a potion of curing {unknown}


   Skills:
 + Level 3.2 Fighting
 - Level 5.2 Long Blades
 * Level 0.0 Staves
 - Level 2.0 Throwing
 + Level 4.9 Dodging
 + Level 0.0 Earth Magic
 + Level 0.0 Evocations


You had 3 spell levels left.
You didn't know any spells.
Your spell library contained the following spells:

 Spells                   Type           Power      Damage    Failure   Level
 Conjure Ball Lightning   Conj/Air       0%         3x3d6     100%        6
 Discord                  Hex            0%         N/A       100%        8
 Disjunction              Tloc           0%         N/A       100%        8


Dungeon Overview and Level Annotations

Branches:
Dungeon (3/15)

Altars:

Annotations:
D:3 Terence


Innate Abilities, Weirdness & Mutations

((You are very nimble when in or above water. (Stealth+, EV+, Speed+++)))
Your lower body shifts to a powerful aquatic tail in water.


Message History

You are too injured to fight recklessly!
Terence is nearby!
You hit Terence but do no damage.
Terence is lightly wounded.
Terence looks scornfully at you. Terence barely misses you.
You hit Terence.
Terence is lightly wounded.
Terence hits you with a +0 flail.
You barely miss Terence.
Terence is lightly wounded.
Terence closely misses you.
You hit Terence but do no damage.
Terence is lightly wounded.
Terence closely misses you. Terence hits you with a +0 flail.
You hit Terence.
Terence is moderately wounded.
Terence hits you with a +0 flail.
* * * LOW HITPOINT WARNING * * *
You hit Terence but do no damage.
Terence is moderately wounded.
Terence closely misses you.
You barely miss Terence.
Terence is moderately wounded.
Terence hits you but does no damage.
You hit Terence.
Terence is heavily wounded.
Terence closely misses you.
You closely miss Terence.
Terence is heavily wounded.
Terence hits you with a +0 flail!
* * * LOW HITPOINT WARNING * * *
Terence hits you but does no damage.
You hit Terence but do no damage.
Terence is heavily wounded.
Terence misses you.
You hit Terence.
Terence is heavily wounded.
Terence hits you with a +0 flail.
You die...

#.# #.[
######.###.#
#..........#
#.####.###.#####
#.........#
#####.###....
####.# .
#....#####..
#.##@....... #
#@####### #.#
... ... .....
..... .....##


You could see Terence.

Vanquished Creatures
  4 adders
  2 dart slugs
  6 bats
  6 endoplasms
  4 giant cockroaches
  4 goblins
  5 hobgoblins
  4 jackals
  3 quokkas
  5 ball pythons
  5 frilled lizards
  5 kobolds
  4 rats
57 creatures vanquished.

Notes
Turn   | Place    | Note
-------+----------+-------------------------------------------
     0 | D:1      | Nedwor the Merfolk Gladiator began the quest for the Orb.
     0 | D:1      | Reached XP level 1. HP: 16/16 MP: 1/1
   107 | D:1      | Reached skill level 4 in Long Blades
   107 | D:1      | Reached XP level 2. HP: 23/23 MP: 2/2
   260 | D:1      | Noticed a shining eye
   430 | D:1      | Noticed a shining eye
   444 | D:1      | Found a faded altar of an unknown god.
   445 | D:1      | Noticed a floating eye
   445 | D:1      | Noticed a floating eye
   455 | D:1      | Reached XP level 3. HP: 26/28 MP: 3/3
   780 | D:2      | Reached XP level 4. HP: 34/34 MP: 4/4
  1157 | D:2      | Reached skill level 5 in Long Blades
  1589 | D:3      | Noticed Terence
  1606 | D:3      | HP: 1/35 [Terence/+0 flail (7)]
  1608 | D:3      | Slain by Terence

Illustrated notes

Levels and vault maps discovered:
D:1:      lightli_arrival_maybe_door_vault, layout_rooms,
          hellmonk_ecumenical_altar_watching_god, minmay_tromino_v4_a
D:2:      layout_basic, serial_corexii_hall, chequers_hall_statues_corner_a,
          corexii_hall_statues_l, chequers_jeans,
          nicolae_kite_square_tiling_tiny, minmay_tree_intersection,
          minmay_misc_feat_pillars
D:3:      layout_loops_ring, mainiacjoe_overflow_alcove_2, minitemple,
          uniq_terence

Skill      XL: |  1  2  3  4 |
---------------+-------------+-----
Long Blades    | 4 5 |  5.2
Fighting       | 3 |  3.2
Throwing       | |  2.0
Dodging        | |  4.9

Action                     |  1- 3 |  4- 6 || total
---------------------------+-------+-------++-------
  Melee: Long sword        |   114 |    68 ||   182
         Punch             |     1 |     1 ||     2
         Staff             |       |    19 ||    19
 Armour: Leather armour    |    12 |       ||    12
         Ring mail         |    56 |    52 ||   108
  Dodge: Dodged            |    99 |    48 ||   147

Table legend: (Time is in decaauts)
 A = Elapsed time spent in this place.
 B = Non-inter-level travel time spent in this place.
 C = Inter-level travel time spent in this place.
 D = Time resting spent in this place.
 E = Time spent auto-exploring this place.
 F = Levels seen in this place.
 G = Mean time per level.
                   A        B        C        D        E       F      G
               +--------+--------+--------+--------+--------+-----+--------+
         Total |   1641 |   1551 |     90 |      0 |   1119 |   3 |  547.0 |
       Dungeon |   1641 |   1551 |     90 |      0 |   1119 |   3 |  547.0 |
               +--------+--------+--------+--------+--------+-----+--------+

Top non-repeatable levels by time:
     D:2: 857 daAuts
     D:1: 499 daAuts
     D:3: 285 daAuts
